 Dungeon Crawl Stone Soup version 0.31-a0-264-ga0b03e459d (webtiles) character file.

Game seed: 3586036523414905133

64 qw the Shooter (level 3, -19/29 HPs)
             Began as a Minotaur Hexslinger on July 13, 2023.
             Demolished by an ogre
             ... wielding a +0 giant spiked club
              (24 damage)
             ... on level 3 of the Dungeon.
             The game lasted 00:00:34 (1304 turns).

qw the Shooter (Minotaur Hexslinger)                Turns: 1304, Time: 00:00:34

Health: -19/29     AC:  5    Str: 12    XL:     3   Next: 91%
Magic:  3/3        EV: 11    Int: 10    God:
Gold:   52         SH:  0    Dex: 14    Spells: 3/4 levels left

rFire   . . .        Y - +1 sling
rCold   . . .        (no shield)
rNeg    . . .        a - +0 ring mail
rPois   .            (helmet restricted)
rElec   .            (no cloak)
rCorr   .            (no gloves)
SInv    .            (no boots)
Will    .....        b - amulet of the acrobat
Stlth   +            (no ring)
HPRegen 0.24/turn    (no ring)
MPRegen 0.08/turn

%: acrobat
@: about to teleport
A: horns 2, retaliatory headbutt
a: no special abilities


You were on level 3 of the Dungeon.
You visited 1 branch of the dungeon, and saw 3 of its levels.

You collected 52 gold pieces.


Innate Abilities, Weirdness & Mutations

You have a pair of horns on your head.
You reflexively headbutt those who attack you in melee.


   Skills:
 - Level 2.0 Fighting
 + Level 4.2 Ranged Weapons
 - Level 1.1 Armour
 - Level 2.1 Dodging
 - Level 1.0 Spellcasting
 - Level 2.0 Hexes


You had 3 spell levels left.
You knew the following spells:

 Your Spells              Type           Power      Damage    Failure   Level
a - Slow                  Hex            16%        N/A       34%         1

Your spell library contained the following spells:

 Spells                   Type           Power      Damage    Failure   Level
 Inner Flame              Hex/Fire       2%         N/A       83%         3
 Portal Projectile        Hex/Tloc       4%         N/A       83%         3
 Cause Fear               Hex            2%         N/A       98%         4

Inventory:

Hand Weapons
 Y - a +1 sling (weapon)
Armour
 a - a +0 ring mail (worn)
Jewellery
 b - an amulet of the acrobat (around neck)
Scrolls
 j - a scroll of identify
Potions
 d - a potion of resistance
 f - a potion of lignification {unknown}
 g - a potion of brilliance {unknown}
 i - a potion of curing {unknown}

Dungeon Overview and Level Annotations

Branches:
Dungeon (3/15)

Altars:
Qazlal

Portals:
Abyss: D:3

Annotations:
D:3 2 transporters, qw's ghost, weakling GrHs


Message History

The sling bullet hits the goblin.
You kill the goblin!
The goblin barely misses you.
You shoot a sling bullet.
The sling bullet barely misses the goblin.
The sling bullet hits the goblin.
The goblin is heavily wounded.
The goblin hits you with a +0 club.
You shoot a sling bullet.
The sling bullet barely misses the goblin.
The sling bullet closely misses the goblin.
The sling bullet hits the goblin!
You kill the goblin!
The goblin misses you. The goblin closely misses you.
You shoot a sling bullet. The sling bullet hits the goblin.
The goblin is heavily wounded.
The goblin hits you but does no damage.
You shoot a sling bullet.
The sling bullet closely misses the goblin. x2
The goblin hits you but does no damage.
You shoot a sling bullet. The sling bullet hits the goblin.
You kill the goblin!
The ogre closely misses you. You furiously retaliate!
You headbutt the ogre! You shoot a sling bullet.
The sling bullet hits the ogre.
The ogre is heavily wounded.
You shoot a sling bullet. The sling bullet hits the ogre.
The ogre is heavily wounded.
The ogre hits you with a +0 giant spiked club!!
Ouch! That really hurt!
1303 ||| READING scroll of teleportation.
As you read the scroll of teleportation, it crumbles to dust.
You feel strangely unstable. The ogre completely misses you.
You shoot a sling bullet.
The sling bullet closely misses the ogre.
The sling bullet hits the goblin.
You kill the goblin!
The ogre hits you with a +0 giant spiked club!!
Ouch! That really hurt!
You die...

########## #
...).....#################
#.####..............<...<
#.#########.###.#### #...#
#.# #.# # #.#@# ###.# #.#
# ###O# ##.#.###.#### .g(
#............ #.).#
##.#.###.#### #...# #.#.#
#.# # ##### #.#.# #.# #
#.#.###.#### #.#.........
#.#..##.####


You could see an ogre and a goblin.

Vanquished Creatures
  An adder (D:3)
  2 worms (D:2)
  A dart slug (D:2)
  4 ball pythons
  3 bats
  5 endoplasms
  4 giant cockroaches
  11 goblins
  A hobgoblin (D:1)
  3 kobolds
  3 quokkas (D:2)
  6 rats
44 creatures vanquished.

Notes
Turn   | Place    | Note
-------+----------+-------------------------------------------
     0 | D:1      | qw the Minotaur Hexslinger began the quest for the Orb.
     0 | D:1      | Reached XP level 1. HP: 16/16 MP: 1/1
     0 | D:1      | 0 ||| qw: Version: 0.3-a-52-g30416fa
     0 | D:1      | 0 ||| qw: Game counter: 7563
     0 | D:1      | 0 ||| qw: Melee chars always use a shield: true
     0 | D:1      | 0 ||| qw: God list: Okawaru
     0 | D:1      | 0 ||| qw: Allow faded altars: false
     0 | D:1      | 0 ||| qw: Do Orc after clearing Dungeon:15 true
     0 | D:1      | 0 ||| qw: Do second Lair branch before Depths: true
     0 | D:1      | 0 ||| qw: Lair rune preference: random
     0 | D:1      | 0 ||| qw: Goals: Normal
     0 | D:1      | 0 ||| PLANNING D:1-11
   101 | D:1      | Reached skill level 3 in Ranged Weapons
   107 | D:1      | Reached XP level 2. HP: 23/23 MP: 2/2
   331 | D:1      | 331 ||| READING scroll labelled XOH UTOGATOBUA.
   332 | D:1      | 332 ||| READING scroll labelled QOIROU VITYXT.
   337 | D:1      | 337 ||| READING scroll labelled JYRI DINTEI.
   338 | D:1      | 338 ||| DROPPING scroll of poison.
   478 | D:2      | Reached XP level 3. HP: 29/29 MP: 3/3
   581 | D:2      | Found a stormy altar of Qazlal.
   956 | D:2      | 956 ||| UPGRADING to +0 ring mail.
   966 | D:2      | 966 ||| DROPPING +0 robe.
   967 | D:2      | 967 ||| UPGRADING to amulet of the acrobat.
   972 | D:2      | 972 ||| READING scroll labelled HESYCKE WERO.
   973 | D:2      | 973 ||| READING 3 scrolls labelled ALONOJ OPRISAS.
   974 | D:2      | 974 ||| DRINKING 2 sedimented golden potions.
   975 | D:2      | 975 ||| READING 2 scrolls of identify.
   975 | D:2      | 975 ||| IDENTIFYING dark potion
   976 | D:2      | 976 ||| DROPPING potion of degeneration.
  1024 | D:3      | Reached skill level 4 in Ranged Weapons
  1104 | D:3      | Found a transporter.
  1134 | D:3      | Noticed a small abomination
  1135 | D:3      | Noticed a toenail golem
  1166 | D:3      | Found a transporter.
  1207 | D:3      | Found a one-way gate to the infinite horrors of the Abyss.
  1207 | D:3      | Noticed qw's ghost (weakling GrHs)
  1288 | D:3      | Noticed an ogre
  1293 | D:3      | Reached skill level 1 in Armour
  1302 | D:3      | HP: 4/29 [ogre/+0 giant spiked club (25)]
  1303 | D:3      | 1303 ||| READING scroll of teleportation.
  1304 | D:3      | Demolished by an ogre

Levels and vault maps discovered:
D:1:      lightli_arrival_statuegarden, layout_basic, minmay_pentomino_z2
D:2:      layout_loops_ring, basic_altar
D:3:      layout_loops_ring, mainiacjoe_overflow_chevrons,
          gammafunk_ghost_abyssal_escape, minmay_ogre_servants

Skill      XL: |  1  2  3 |
---------------+----------+-----
Ranged Weapons | 3 4 |  4.2
Fighting       | 2 |  2.0
Armour         | 1 |  1.1
Dodging        | |  2.1
Spellcasting   | |  1.0
Hexes          | |  2.0

Action                     || total
---------------------------++-------
   Fire: Sling             ||   127
    Use: Scroll            ||     7
         Potion            ||     1
 Armour: Robe              ||     2
         Ring mail         ||    11
  Dodge: Dodged            ||    32

Table legend:
 A = Non-vault XP
 B = Vault XP
 C = Vault XP percentage of total XP
 D = Non-vault monster count
 E = Vault monster count
 F = Vault count percentage of total count
                 A         B        C        D         E       F
            +---------+---------+-------+---------+---------+-------
      Total |      81 |      13 |  13.8 |      36 |       8 |  18.2
            +---------+---------+-------+---------+---------+-------
        D:1 |      30 |       1 |   3.2 |      17 |       1 |   5.6
        D:2 |      26 |       0 |   0.0 |      10 |       0 |   0.0
        D:3 |      25 |      12 |  32.4 |       9 |       7 |  43.8
            +---------+---------+-------+---------+---------+-------
